 Seeded DCSS version 0.28-a0-1356-g2ad6d04315 (webtiles) character file.

Game seed: 20211224 (custom seed)

57 a11behringer the Slasher (level 3, -3/31 HPs)
             Began as a Palentonga Berserker on Dec 30, 2021.
             Was a Believer of Trog.
             Slain by a gnoll (6 damage)
             ... on level 2 of the Dungeon.
             The game lasted 00:02:29 (1402 turns).

a11behringer the Slasher (Palentonga Berserker)     Turns: 1402, Time: 00:02:29

Health: -3/31      AC:  7    Str: 22    XL:     3   Next: 73%
Magic:  3/3        EV:  6    Int:  7    God:    Trog [**....]
Gold:   127        SH:  0    Dex:  9    Spells: 2/2 levels left

rFire   . . .      SeeInvis +   a - +0 falchion
rCold   . . .      Faith    .   (no shield)
rNeg    + . .      Spirit   .   c - +0 chain mail
rPois   .          Reflect  .   (no helmet)
rElec   .          Harm     .   (no cloak)
rCorr   .          Rampage  .   (no gloves)
Will    .....                   (no barding)
Stlth   ..........              (no amulet)
HPRegen 0.10/turn               i - ring of positive energy
MPRegen 0.08/turn               (no ring)

@: no status effects
A: large, rugged brown scales 3, see invisible, deformed body, roll 1, armoured
tail
a: Rolling Charge, Renounce Religion, Berserk, Trog's Hand


You were on level 2 of the Dungeon.
You worshipped Trog.
Trog was pleased with you.
You visited 1 branch of the dungeon, and saw 2 of its levels.

You collected 127 gold pieces.

Inventory:

Hand Weapons
 a - a +0 falchion (weapon)
 f - a +1 short sword of distortion
Armour
 b - a +0 animal skin
 c - a +0 chain mail (worn)
Jewellery
 i - a ring of positive energy (left hand)
Scrolls
 e - a scroll of enchant armour {unknown}
 g - a scroll of enchant weapon {unknown}
Potions
 d - 2 potions of might {unknown}
 h - a potion of heal wounds {unknown}


   Skills:
 + Level 3.5 Fighting
 * Level 4.1 Long Blades
 + Level 1.8 Armour
 + Level 1.6 Dodging


You had 2 spell levels left.
You didn't know any spells.
Your spell library was empty.

Dungeon Overview and Level Annotations

Branches:
Dungeon (2/15)

Altars:


Innate Abilities, Weirdness & Mutations

You are completely covered in rugged brown scales. (AC +3, +7% HP)
You have supernaturally acute eyesight. (SInv)
Armour fits poorly on your strangely shaped body.
You can roll at nearby foes to attack.
You have a long armoured tail.


Message History

You hear a shout!
The gnoll shouts!
The gnoll hits you with a +0 whip!
You slash the gnoll! You tail-slap the gnoll.
You kill the gnoll!
Trog accepts your kill.
Your Long Blades skill increases to level 4!
You closely miss the kobold.
A gnoll comes into view. It is wielding a +0 halberd.
The kobold closely misses you.
You miss the kobold. The kobold hits you but does no damage.
The gnoll hits you but does no damage.
You barely miss the kobold.
The gnoll hits you from afar with a +0 halberd!
The kobold hits you with a +0 whip.
Unknown command.
You hit the kobold.
You kill the kobold!
Trog accepts your kill. The gnoll hits you but does no damage.
A gnoll comes into view. It is wielding a +0 spear.
The gnoll shouts!
You hear a shout!
The gnoll hits you with a +0 halberd. The gnoll hits you but does no damage.
Things that are here:
a +0 whip; a +0 whip; a gnoll corpse You hit the gnoll.
The gnoll is moderately wounded.
A gnoll comes into view. It is wielding a +0 club.
The gnoll hits you with a +0 halberd. The gnoll barely misses you.
You are too injured to fight recklessly!
You are too injured to fight recklessly!
You are too injured to fight recklessly!
Unknown command.
You are too injured to fight recklessly!
You are too injured to fight recklessly!
You are too injured to fight recklessly!
The gnoll hits you from afar with a +0 halberd!
* * * LOW HITPOINT WARNING * * *
The gnoll hits you from afar with a +0 halberd.
You die...

## #. #. ... #g #.. #.
#.# #. #.# #. #.#
####.#g###.## ## .
.......g.@?.# . .
.......###..# # .#
####.#. #..# ###.##
###.#. #..# ......
....... #..# ..#.#
#.###.### #..# ....#...
.....###.####.#
###.#.#.###.#..........#
###............(..######


You could see 2 gnolls.

Vanquished Creatures
  A gnoll (D:2)
  An adder (D:2)
  A worm (D:2)
  2 dart slugs
  2 ball pythons (D:1)
  A bat (D:1)
  2 giant cockroaches (D:2)
  2 goblins
  4 hobgoblins
  8 kobolds
  2 quokkas
  4 frilled lizards
  A rat (D:1)
31 creatures vanquished.

Notes
Turn   | Place    | Note
-------+----------+-------------------------------------------
     0 | D:1      | a11behringer the Palentonga Berserker began the quest for
                  | the Orb.
     0 | D:1      | Reached XP level 1. HP: 19/19 MP: 1/1
   389 | D:1      | Reached XP level 2. HP: 24/25 MP: 2/2
  1123 | D:2      | Reached XP level 3. HP: 30/31 MP: 3/3
  1123 | D:2      | Reached ** piety under Trog
  1395 | D:2      | Reached skill level 4 in Long Blades
  1402 | D:2      | Slain by a gnoll

Illustrated notes

Levels and vault maps discovered:
D:1:      dpeg_arrival_houses_and_road, layout_rooms
D:2:      layout_loops_ring, hellmonk_ecumenical_altar_inner_sanctum

Skill      XL: |  1  2  3 |
---------------+----------+-----
Long Blades    | 4 |  4.1
Fighting       | |  3.5
Armour         | |  1.8
Dodging        | |  1.6

Action                   || total
-------------------------++-------
Melee: Falchion          ||    79
       Tailslap          ||     8
Armor: Chain mail        ||    54
Dodge: Dodged            ||    24

Table legend: (Time is in decaauts)
 A = Elapsed time spent in this place.
 B = Non-inter-level travel time spent in this place.
 C = Inter-level travel time spent in this place.
 D = Time resting spent in this place.
 E = Time spent auto-exploring this place.
 F = Levels seen in this place.
 G = Mean time per level.
                   A        B        C        D        E       F      G
               +--------+--------+--------+--------+--------+-----+--------+
         Total |   1411 |   1335 |     76 |      0 |   1125 |   2 |  705.5 |
       Dungeon |   1411 |   1335 |     76 |      0 |   1125 |   2 |  705.5 |
               +--------+--------+--------+--------+--------+-----+--------+

Top non-repeatable levels by time:
     D:1: 908 daAuts
     D:2: 502 daAuts
